 Dungeon Crawl Stone Soup version 0.29.0-5-ge4962eb29e (webtiles) character file.

Game seed: 5395359636892932321

88 ImASeal the Cudgeller (level 4, -1/44 HPs)
             Began as a Troll Abyssal Knight on Aug 28, 2022.
             Was a Believer of Lugonu.
             Slain by an adder (2 damage)
             ... on level 3 of the Dungeon.
             The game lasted 00:10:03 (2045 turns).

ImASeal the Cudgeller (Troll Abyssal Knight)        Turns: 2045, Time: 00:10:06

Health: -1/44      AC:  5    Str: 23    XL:     4   Next: 29%
Magic:  0/4        EV: 14    Int:  6    God:    Lugonu [**....]
Gold:   78         SH:  0    Dex: 10    Spells: 3/3 levels left

rFire   . . .      SeeInvis .   a - +1 mace
rCold   . . .      Faith    .   (no shield)
rNeg    . . .      Spirit   +   b - +0 robe
rPois   .          Reflect  .   (helmet restricted)
rElec   .          Harm     .   o - +0 cloak
rCorr   .          Rampage  .   (gloves unavailable)
Will    .....                   (boots unavailable)
Stlth   +.........              c - amulet of guardian spirit
HPRegen 0.94/turn               p - +4 ring of evasion
MPRegen 0.09/turn               (no ring)

@: lethally poisoned (-1 -> -2), about to teleport, weakened
A: large, unfitting armour, claws 3, regeneration 1, shaggy fur 1, tough skin 1
a: Renounce Religion, Depart the Abyss, Bend Space


You were on level 3 of the Dungeon.
You worshipped Lugonu.
Lugonu was pleased with you.
You visited 1 branch of the dungeon, and saw 3 of its levels.
You visited the Abyss 1 time.

You collected 78 gold pieces.

Inventory:

Hand Weapons
 a - a +1 mace (weapon)
Armour
 b - a +0 robe (worn)
 f - a +0 helmet of intelligence
 o - a +0 cloak (worn)
Jewellery
 c - an amulet of guardian spirit (around neck)
 p - a +4 ring of evasion (left claw)
Wands
 l - a wand of flame (8)
Scrolls
 k - 2 scrolls of fear {unknown}
 m - a scroll of magic mapping {unknown}
 q - a scroll of identify {unknown}
 r - a scroll of acquirement {unknown}
 s - a scroll of brand weapon {unknown}
 t - a scroll of vulnerability {unknown}
 u - a scroll of enchant weapon {unknown}
Potions
 d - a potion of flight {unknown}
 g - a potion of might {unknown}
 h - a potion of haste {unknown}
 i - a potion of resistance {unknown}
 j - 3 potions of heal wounds {unknown}
 n - a potion of mutation {unknown}


   Skills:
 + Level 2.8 Fighting
 + Level 3.1 Maces & Flails
 + Level 2.5 Dodging
 + Level 0.2 Stealth
 + Level 1.8 Invocations


You had 3 spell levels left.
You didn't know any spells.
Your spell library contained the following spells:

 Spells                   Type           Power      Damage    Failure   Level
 Call Canine Familiar     Summ           0%         N/A       83%         3
 Portal Projectile        Hex/Tloc       0%         N/A       83%         3
 Leda's Liquefaction      Hex/Erth       0%         N/A       99%         4


Dungeon Overview and Level Annotations

Branches:
Dungeon (3/15)

Altars:

Shops:
D:1 !


Innate Abilities, Weirdness & Mutations

You are too large for most types of armour.
You have claws for hands.
Your natural rate of healing is unusually fast.
You are covered in fur. (AC +1)
You have tough skin. (AC +1)


Message History

An adder comes into view.
The adder hisses angrily.
An adder comes into view.
The adder moves out of view.
The gnoll bouda attacks as you move away!
The gnoll bouda barely misses you.
An adder comes into view.
The adder hisses angrily.
The gnoll bouda barks out a call to the hunt!
The gnoll picks up the pace!
The adder hisses angrily.
The gnoll bouda utters an invocation to its god.
The gnoll bouda is healed somewhat.
The adder bites you.
* * * LOW HITPOINT WARNING * * *
You are poisoned.
The adder poisons you! The adder attacks as you move away!
The adder barely misses you.
You feel sick. The adder attacks as you move away! The adder barely misses you.
You feel sick. The adder misses you.
You miss the adder.
You feel sick. The adder barely misses you. The adder bites you.
* * * LOW HITPOINT WARNING * * *
The adder completely misses you. The adder barely misses you.
You barely miss the adder.
You feel sick.
The gnoll is no longer moving quickly.
The adder barely misses you. The adder bites you but does no damage.
The gnoll bouda gazes fiercely through you!
You feel your attacks grow feeble. The adder bites you.
* * * LOW HITPOINT WARNING * * *
You are lethally poisoned!
The adder poisons you!
As you read the scroll labelled DIXTERRUMPO, it crumbles to dust.
You feel strangely unstable.
It was a scroll of teleportation.
* * * LOW HITPOINT WARNING * * *
You feel sick. The adder bites you but does no damage.
The gnoll bouda barks out a call to the hunt!
The adder bites you.
You die...

..#...##..##
####......##
#..#.##..##
###..#...#....
#......g.....##
##....gg..###...
#....gS#......#.#
#..###S###....#.#
... #@S..#.#.. ..
####...# # # ..#
... .≈ ≈


You could see a gnoll bouda, a gnoll (swift), 3 adders and a hobgoblin.

Vanquished Creatures
  A gnoll (D:3)
  2 adders (D:2)
  4 worms (D:2)
  A dart slug (D:1)
  3 ball pythons
  4 bats
  4 endoplasms
  4 giant cockroaches
  2 goblins (D:1)
  3 hobgoblins
  3 jackals (D:2)
  4 kobolds
  2 quokkas
  4 frilled lizards
  2 rats (D:2)
43 creatures vanquished.

Notes
Turn   | Place    | Note
-------+----------+-------------------------------------------
     0 | Abyss:1  | ImASeal the Troll Abyssal Knight began the quest for the
                  | Orb.
     0 | Abyss:1  | Reached XP level 1. HP: 22/22 MP: 1/1
     2 | Abyss:1  | Found a corrupted altar of Lugonu.
    53 | Abyss:1  | Found a corrupted altar of Lugonu.
   122 | Abyss:1  | Noticed an iron imp
   124 | Abyss:1  | Noticed an ancient zyme
   138 | D:1      | Escaped the Abyss
   404 | D:1      | Reached skill level 2 in Maces & Flails
   417 | D:1      | Reached XP level 2. HP: 29/29 MP: 2/2
   762 | D:1      | Reached ** piety under Lugonu
   911 | D:1      | Found Tibejud's Distillery.
  1195 | D:2      | Reached XP level 3. HP: 36/36 MP: 3/3
  1664 | D:2      | Reached XP level 4. HP: 40/44 MP: 4/4
  1742 | D:2      | Reached skill level 3 in Maces & Flails
  2031 | D:3      | HP: 2/44 [gnoll/+0 spear[a gnoll bouda] (5)]
  2036 | D:3      | HP: 2/44 [gnoll bouda/+0 club (3)]
  2043 | D:3      | HP: 2/44 [adder (1)]
  2045 | D:3      | Slain by an adder

Illustrated notes

Levels and vault maps discovered:
D:1:      minmay_arrival_radiant_lines, layout_loops_corners, serial_shops,
          nicolae_shop_advertising_works [nicolae_subvault_shop_adworks]
D:2:      layout_loops_corners, grunt_ministairs_7
D:3:      layout_rooms, lemuel_tele_altar, mainiacjoe_overflow_catwalk,
          overflow_temple_1_default, ebering_ghost_reflecting_pool,
          gup_sewer_entry_spiral, minmay_misc_feat_enclosed

Skill      XL: |  1  2  3  4 |
---------------+-------------+-----
Dodging        | 2 |  2.5
Maces & Flails | 2 3 |  3.1
Fighting       | |  2.8
Stealth        | |  0.2
Invocations    | |  1.8

Action                   |  1- 3 |  4- 6 || total
-------------------------+-------+-------++-------
Melee: Mace              |   117 |    27 ||   144
Invok: Depart the Abyss  |     1 |       ||     1
  Use: Scroll            |       |     1 ||     1
 Stab: Sleeping          |     2 |     1 ||     3
Armor: Robe              |    40 |     5 ||    45
Dodge: Dodged            |    92 |    39 ||   131
